 Dungeon Crawl Stone Soup version 0.30-a0-860-g512cf1e979 (webtiles) character file.

Game seed: 13869466413168819079

11945 112233 the Eclecticist (level 11, -15/64 HPs)
             Began as a Deep Elf Conjurer on Mar 8, 2023.
             Was an Initiate of Gozag.
             Demolished by a very large slime creature (42 damage)
             ... on level 12 of the Dungeon.
             The game lasted 00:24:59 (15327 turns).

112233 the Eclecticist (Deep Elf Conjurer)         Turns: 15327, Time: 00:25:00

Health: -15/64     AC: 11    Str:  4    XL:     11   Next: 56%
Magic:  11/32      EV: 21    Int: 28    God:    Gozag
Gold:   1570       SH:  0    Dex: 13    Spells: 29/40 levels left

rFire   + + .      SeeInvis .    A - +4 shortbow of Zaenwota {flame, rF+ Will+ Stlth-}
rCold   . . .      Faith    .    (shield currently unavailable)
rNeg    . . .      Spirit   .    h - +2 robe {rF+}
rPois   .          Reflect  .    F - +2 hat
rElec   +          Rampage  .    (no cloak)
rCorr   .                        G - +0 pair of gloves
Will    ++...                    (no boots)
Stlth   +                        (no amulet)
HPRegen 0.30/turn                B - +5 ring of evasion
MPRegen 0.23/turn                H - +4 ring of protection

@: gold aura, flying
A: electricity resistance
a: Renounce Religion, Potion Petition, Call Merchant, Bribe Branch


You were on level 12 of the Dungeon.
You worshipped Gozag.
Gozag was most pleased with you.
You visited 2 branches of the dungeon, and saw 13 of its levels.

You collected 2183 gold pieces.
You spent 200 gold pieces at shops.
You paid 413 gold pieces to Gozag.

Inventory:

Hand Weapons
 A - the +4 shortbow of Zaenwota (weapon) {flame, rF+ Will+ Stlth-}
   (You bought it in a shop on level 6 of the Dungeon)

   rF:        It protects you from fire.
   Will:      It increases your willpower.
   Stlth:     It makes you less stealthy.
Missiles
 o - 5 throwing nets
Armour
 h - a +2 robe of fire resistance (worn)
 m - the +7 chain mail "Qezan" {Str+2 Int+7}
   (You found it on level 2 of the Dungeon)

   Str:       It affects your strength (+2).
   Int:       It affects your intelligence (+7).
 F - a +2 hat (worn)
 G - a +0 pair of gloves (worn)
 O - an orb of wrath
Jewellery
 l - a ring of poison resistance
 B - a +5 ring of evasion (left hand)
 D - a ring of see invisible
 H - a +4 ring of protection (right hand)
 J - a +6 ring of strength
 M - a ring of positive energy
 N - a ring of fire
Wands
 p - a wand of polymorph (3)
 t - a wand of charming (5)
Scrolls
 d - 3 scrolls of magic mapping
 f - a scroll of poison
 g - a scroll of brand weapon
 k - 5 scrolls of enchant weapon
 v - 3 scrolls of fear
 w - a scroll of fog {unknown}
 x - a scroll of noise {unknown}
 z - a scroll of vulnerability
 C - 2 scrolls of amnesia
 E - a scroll of enchant armour {unknown}
 I - a scroll of immolation {unknown}
Potions
 b - a potion of magic
 i - 2 potions of might
 r - 3 potions of haste


   Skills:
 + Level 5.9 Fighting
 + Level 9.0 Dodging
 - Level 2.4 Stealth
 - Level 15.4 Spellcasting
 * Level 11.9 Conjurations


You had 29 spell levels left.
You knew the following spells:

 Your Spells              Type           Power      Damage    Failure   Level
a - Magic Dart            Conj           100%       1d8       1%          1
b - Searing Ray           Conj           100%       2d8       1%          2
c - Iskenderun's Mystic   Conj/Tloc      53%        2d11      1%          4
d - Fulminant Prism       Conj/Hex       26%        3d13      1%          4

Your spell library contained the following spells:

 Spells                   Type           Power      Damage    Failure   Level
 Static Discharge         Conj/Air       100%       2-7/arc   1%          2
 Dazzling Flash           Conj/Hex       100%       N/A       1%          3
 Mephitic Cloud           Conj/Pois/Air  43%        N/A       1%          3
 Summon Small Mammal      Summ           84%        N/A       2%          1
 Call Imp                 Summ           21%        N/A       3%          2
 Cigotuvi's Dreadful Rot  Necr/Pois/Air  42%        N/A       3%          2
 Sublimation of Blood     Necr           21%        N/A       3%          2
 Wereblood                Tmut           21%        N/A       3%          2
 Arcjolt                  Conj/Air       26%        1d36      5%          5
 Irradiate                Conj/Tmut      26%        3d20      5%          5
 Lightning Bolt           Conj/Air       26%        1d42      5%          5
 Call Canine Familiar     Summ           21%        N/A       7%          3
 Portal Projectile        Hex/Tloc       42%        N/A       7%          3
 Summon Guardian Golem    Hex/Summ       21%        N/A       7%          3
 Vhi's Electric Charge    Tloc/Air       42%        N/A       7%          3
 Dispel Undead            Necr           21%        3d11      22%         4
 Leda's Liquefaction      Hex/Erth       10%        N/A       22%         4
 Petrify                  Tmut/Erth      21%        N/A       22%         4
 Death Channel            Necr           10%        N/A       98%         6
 Summon Hydra             Summ           10%        N/A       100%        7


Dungeon Overview and Level Annotations

Branches:
Dungeon (12/15)            Temple (1/1) D:5            Lair (0/5) D:9
    Orc: D:9-12

Altars:
Ashenzari
Cheibriados
Dithmenos
Elyvilon
Fedhas
Gozag
Hepliaklqana
Kikubaaqudgha
Makhleb
Nemelex Xobeh
Okawaru
Qazlal
Ru
Sif Muna
Trog
Uskayaw
Wu Jian
Xom
Yredelemnul
Zin
The Shining One

Shops:
D:6 (   D:7 (??

Annotations:
D:6 3 runed translucent doors, Frostiness's ghost, novice OpVM
D:7 exclusion: 2 downstairs
D:10 Snorg
D:12 exclusion: upstairs


Innate Abilities, Weirdness & Mutations

You are resistant to electric shocks. (rElec)


Message History

Your Dodging skill increases to level 9!
Unknown command.
Casting: Iskenderun's Mystic Blast (dangerous; 1% risk of failure)
Confirm with . or Enter, or press ? or * to list all spells.
You erupt in a blast of force!
The mystic blast hits the large slime creature.
The large slime creature is moderately wounded.
A large slime creature splits.
The slime creature hits you! The slime creature closely misses you.
Unknown command.
Unknown command.
Casting: Iskenderun's Mystic Blast (dangerous; 1% risk of failure)
Confirm with . or Enter, or press ? or * to list all spells.
You erupt in a blast of force!
The mystic blast hits the very large slime creature.
The very large slime creature is lightly wounded.
The mystic blast hits the slime creature!
The slime creature is heavily wounded.
The slime creature is knocked back by the mystic blast.
The slime creature slams into the rock wall!
The slime creature is severely wounded.
The mystic blast hits the slime creature!
The slime creature is severely wounded.
The slime creature barely misses you. The slime creature hits you.
The slime creature hits you!
The very large slime creature misses you.
Casting: Iskenderun's Mystic Blast (dangerous; 1% risk of failure)
Confirm with . or Enter, or press ? or * to list all spells.
You erupt in a blast of force!
The mystic blast hits the slime creature!
The slime creature is severely wounded.
The mystic blast hits the very large slime creature!
The very large slime creature is lightly wounded.
The mystic blast hits the slime creature!
The slime creature is severely wounded.
The slime creature closely misses you. The slime creature barely misses you.
The very large slime creature hits you!!!
Ouch! That really hurt!
You die...
Your body crumbles into a pile of gold.

####
#@J#######+#######
#JJ........J.J....
#####......J......
##############


You could see a very large slime creature and 2 slime creatures.

Vanquished Creatures
  2 two-headed ogres
  A deep elf pyromancer (D:12)
  2 manticores
  A cyclops (D:12)
  A gargoyle (D:11)
  Maggie (D:7)
  A hornet (D:9)
  A shadow (D:6)
  A spriggan (D:7)
  A slime creature (D:12)
  18 yaks
  A vampire (D:9)
  A wraith (D:11)
  Eustachio (D:5)
  A water moccasin (D:5)
  3 orc warriors
  2 sky beasts
  Duvessa (D:7)
  2 black bears
  5 ogres (D:5)
  A centaur (D:9)
  A phantom (D:5)
  4 bullfrogs
  4 kobold brigands
  4 scorpions
  3 gnoll sergeants
  3 wights (D:10)
  Dowan (D:7)
  18 killer bees
  3 howler monkeys
  3 jellies
  4 hounds
  7 orc priests
  5 sleepcaps
  An iguana (D:4)
  7 orc wizards
  15 gnolls
  7 adders
  A shadow imp (D:6)
  A white imp (D:6)
  2 ufetubi
  3 dart slugs
  37 orcs
  3 bats
  4 endoplasms
  6 giant cockroaches
  12 goblins
  5 hobgoblins
  13 jackals
  3 quokkas
  4 ball pythons
  3 frilled lizards
  22 kobolds
  6 rats
263 creatures vanquished.

Vanquished Creatures (collateral kills)
  Joseph (D:7)
  An orc warrior (D:7)
  2 orcs (D:7)
4 creatures vanquished.

Vanquished Creatures (others)
  A scorpion (D:5)
  4 fulminant prisms
5 creatures vanquished.

Grand Total: 272 creatures vanquished

Notes
Turn   | Place    | Note
-------+----------+-------------------------------------------
     0 | D:1      | 112233 the Deep Elf Conjurer began the quest for the Orb.
     0 | D:1      | Reached XP level 1. HP: 10/10 MP: 6/6
   136 | D:1      | Reached XP level 2. HP: 15/15 MP: 4/8
   139 | D:1      | Reached skill level 4 in Spellcasting
   709 | D:1      | Reached XP level 3. HP: 19/19 MP: 7/11
   717 | D:1      | Reached skill level 5 in Spellcasting
   996 | D:1      | Learned a level 2 spell: Searing Ray
  1604 | D:2      | Identified the +7 chain mail "Qezan" {Str+2 Int+7}
  2054 | D:3      | Reached XP level 4. HP: 24/24 MP: 11/13
  2178 | D:3      | Found an ancient bone altar of Kikubaaqudgha.
  2184 | D:3      | Reached skill level 6 in Spellcasting
  2938 | D:4      | Noticed a scorpion
  2944 | D:4      | Killed a scorpion
  2945 | D:4      | Reached skill level 7 in Spellcasting
  2945 | D:4      | Reached XP level 5. HP: 22/28 MP: 6/16
  3253 | D:4      | Reached skill level 8 in Spellcasting
  3477 | D:4      | Reached XP level 6. HP: 32/32 MP: 12/19
  3688 | D:5      | Entered Level 5 of the Dungeon
  3802 | D:5      | Reached skill level 9 in Spellcasting
  3958 | D:5      | Reached skill level 10 in Spellcasting
  3958 | D:5      | Reached XP level 7. HP: 12/36 MP: 12/23
  3968 | D:5      | Reached skill level 11 in Spellcasting
  4455 | D:5      | Reached skill level 12 in Spellcasting
  4495 | D:5      | Reached XP level 8. HP: 41/41 MP: 14/26
  4610 | D:5      | Noticed Eustachio
  4733 | D:5      | Reached skill level 13 in Spellcasting
  4741 | D:5      | Killed Eustachio
  4906 | D:5      | Reached skill level 14 in Spellcasting
  5052 | D:5      | Found a staircase to the Ecumenical Temple.
  5214 | Temple   | Entered the Ecumenical Temple
  5275 | D:6      | Noticed a troll
  5275 | D:6      | Found a runed translucent gate.
  5275 | D:6      | Found a runed translucent gate.
  5275 | D:6      | Found a runed translucent gate.
  5333 | D:6      | Found a basalt altar of Yredelemnul.
  5334 | D:6      | Found an iron altar of Okawaru.
  5453 | D:6      | Noticed Frostiness's ghost (novice OpVM)
  5587 | D:6      | Found a sparkling altar of Nemelex Xobeh.
  5603 | D:6      | Found Zof Yjuq's Antique Weapon Shop.
  5618 | D:6      | Reached skill level 15 in Spellcasting
  5642 | D:6      | Bought a scorched shortbow for 200 gold pieces
  5642 | D:6      | Identified the +4 shortbow of Zaenwota {flame, rF+ Will+
                  | Stlth-} (You bought it in a shop on level 6 of the Dungeon)
  5693 | D:6      | Reached XP level 9. HP: 29/45 MP: 21/30
  6158 | D:6      | Reached skill level 5 in Conjurations
  6185 | D:6      | Reached skill level 1 in Fighting
  6399 | D:7      | Found Neczioz's Magic Scroll Shoppe.
  6430 | D:7      | Found a shimmering altar of Xom.
  6747 | D:7      | Found Jodize's Magic Scroll Shop.
  6747 | D:7      | Noticed Joseph
  6764 | D:7      | Killed Joseph
  6968 | D:7      | Found Bonoith's Weapon Shop.
  7076 | D:7      | Noticed Dowan
  7076 | D:7      | Noticed Duvessa
  7098 | D:7      | Killed Duvessa
  7098 | D:7      | Killed Dowan
  7313 | D:7      | Found a glowing silver altar of Zin.
  7370 | D:7      | Found Vuvuak's Assorted Antiques.
  8031 | D:7      | Found an opulent altar of Gozag.
  8065 | D:7      | Noticed Maggie
  8079 | D:7      | Killed Maggie
  8080 | D:7      | Reached skill level 5 in Dodging
  8094 | D:7      | Became a worshipper of Gozag Ym Sagoz the Greedy
  8900 | D:8      | Noticed a two-headed ogre
  8913 | D:7      | Learned a level 4 spell: Iskenderun's Mystic Blast
  8918 | D:7      | Learned a level 4 spell: Fulminant Prism
  9085 | D:8      | Found a sacrificial altar of Ru.
  9149 | D:8      | Reached XP level 10. HP: 56/56 MP: 26/31
  9164 | D:9      | Gained mutation: You are resistant to electric shocks.
                  | (rElec) [potion of mutation]
  9422 | D:9      | Found a bloodstained altar of Trog.
  9603 | D:9      | Found a staircase to the Lair.
  9854 | D:10     | Entered Level 10 of the Dungeon
 10102 | D:10     | Noticed Snorg
 11239 | D:9      | Reached skill level 10 in Conjurations
 11863 | D:8      | Reached XP level 11. HP: 62/62 MP: 24/32
 12270 | D:9      | Paralysed by a hornet for 3 turns
 12570 | D:9      | Reached skill level 5 in Fighting
 13217 | D:8      | Identified the +4 chain mail of the Sunfish {Int+3}
 13277 | D:8      | Killed a two-headed ogre
 15007 | D:11     | Identified a scroll of acquirement
 15097 | D:11     | Noticed a two-headed ogre
 15108 | D:11     | Killed a two-headed ogre
 15249 | D:11     | Noticed a skeletal warrior
 15267 | D:12     | Noticed a skeletal warrior
 15267 | D:12     | Noticed a skeletal warrior
 15270 | D:12     | Acquired 763 gold pieces
 15286 | D:12     | Noticed a deep elf pyromancer
 15293 | D:12     | Killed a deep elf pyromancer
 15327 | D:12     | Demolished by a very large slime creature

Illustrated notes

Levels and vault maps discovered:
D:1:      dpeg_arrival_central, layout_rooms
D:2:      layout_rooms
D:3:      layout_loops_ring, mainiacjoe_overflow_brackets, eino_curves_03
D:4:      layout_loops_ring, serial_glass, glass_columns_a, glass_columns_a
D:5:      layout_loops_corners, lemuel_temple_firewalk_b,
          kennysheep_generic_room_12, uniq_eustachio
D:6:      layout_loops_cross, mainiacjoe_overflow_tiny_flanked,
          grunt_temple_overflow_open, serial_shops, nicolae_stop_n_shop_1,
          gammafunk_ghost_split
D:7:      layout_basic, marbit_many_paths, mainiacjoe_overflow_cross_hatched,
          nicolae_gozag_seed_capital, serial_shops,
          nicolae_shop_bloodbath_and_beyond, shop,
          nicolae_shop_advertising_works [nicolae_subvault_shop_adworks],
          nicolae_diamond_shop, the_hattery, uniq_duvessa, uniq_maggie,
          uniq_joseph
D:8:      layout_rooms, nicolae_ru_awakened_eye, serial_corexii_hall,
          corexii_hall_statues_x, chequers_hall_statues_corner_a
D:9:      layout_loops_corners, lightli_temple_of_fire, lair_entry_dummy
D:10:     layout_basic, general_overflow_altar, uniq_snorg
D:11:     layout_basic, orc_0_dummy
D:12:     hangedman_cross_veins, layout_stronghold, minmay_fractal_squares_5
Temple:   nicolae_temple_no_exploring_needed

Skill      XL: |  1  2  3  4  5  6  7  8  9 10 11 |
---------------+----------------------------------+-----
Spellcasting   | 4 5 7 8 10 12 15 | 15.4
Dodging        | 5 7 9 |  9.0
Conjurations   | 7 10 11 | 11.9
Fighting       | 3 4 5 |  5.9
Stealth        | |  2.4

Action                     |  1- 3 |  4- 6 |  7- 9 | 10-12 || total
---------------------------+-------+-------+-------+-------++-------
  Melee: Dagger            |       |     3 |       |       ||     3
   Fire: Shortbow          |       |       |    30 |     8 ||    38
   Cast: Magic Dart        |   106 |    59 |    81 |    56 ||   302
         Searing Ray       |       |    15 |    66 |    41 ||   122
         Iskenderun's Myst |       |       |       |    91 ||    91
         Fulminant Prism   |       |       |       |     4 ||     4
 Invoke: Potion Petition   |       |       |       |     1 ||     1
  Evoke: Wand              |       |       |     3 |     4 ||     7
    Use: Potion            |       |     1 |     5 |     9 ||    15
         Scroll            |       |       |     9 |    12 ||    21
 Armour: Robe              |     1 |     5 |    11 |    24 ||    41
  Dodge: Dodged            |     3 |    23 |    76 |   154 ||   256

Table legend: (Time is in decaauts)
 A = Elapsed time spent in this place.
 B = Non-inter-level travel time spent in this place.
 C = Inter-level travel time spent in this place.
 D = Time resting spent in this place.
 E = Time spent auto-exploring this place.
 F = Levels seen in this place.
 G = Mean time per level.
                   A        B        C        D        E       F      G
               +--------+--------+--------+--------+--------+-----+--------+
         Total |  15368 |  14448 |    920 |   3146 |   9615 |  13 | 1182.2 |
       Dungeon |  15366 |  14448 |    918 |   3146 |   9615 |  12 | 1280.5 |
        Temple |      1 |      0 |      1 |      0 |      0 |   1 |    1.0 |
               +--------+--------+--------+--------+--------+-----+--------+

Top non-repeatable levels by time:
     D:9: 3484 daAuts
     D:7: 2452 daAuts
     D:5: 1599 daAuts
     D:4: 1416 daAuts
     D:1: 1136 daAuts
     D:6: 1116 daAuts
    D:10: 948 daAuts
     D:8: 837 daAuts
     D:3: 834 daAuts
    D:11: 761 daAuts
     D:2: 710 daAuts
    D:12: 68 daAuts
  Temple: 1 daAuts
